 Dungeon Crawl Stone Soup version 0.26.1-13-g052cdd8df3 (webtiles) character file.

Game seed: 12455696310461460229

36582 sankara the Grappler (level 13, -3/116 HPs)
             Began as a Minotaur Transmuter on Jan 18, 2022.
             Was a High Priest of Okawaru.
             Slain by an elephant (9 damage)
             ... on level 4 of the Lair of Beasts.
             The game lasted 01:10:02 (25195 turns).

sankara the Grappler (Minotaur Transmuter)         Turns: 25195, Time: 01:10:03

Health: -3/116     AC: 11    Str: 16    XL:     13   Next: 53%
Magic:  3/17       EV: 21    Int: 15    God:    Okawaru [*****.]
Gold:   1178       SH:  0    Dex: 13    Spells: 5/16 levels left

rFire    . . .     SeeInvis .     - Unarmed
rCold    . . .     Faith    +   (shield currently unavailable)
rNeg     . . .     Spirit   .   O - +0 steam dragon scales
rPois    +         Reflect  .   X - +2 hat {Int+3}
rElec    .         Harm     .   l - scarf {+Inv}
rCorr    .         Rampage  .   (gloves currently unavailable)
Will     +....                  K - +0 pair of boots
Stlth    ++++......             i - amulet of faith
HPRegen  0.29/turn              T - ring of poison resistance
MPRegen  0.15/turn              P - ring of willpower

@: blade hands, heroism, finesse, wereblooded
A: retaliatory headbutt, horns 2
a: End Transformation, Renounce Religion, Evoke Invisibility, Heroism, Finesse


You were on level 4 of the Lair of Beasts.
You worshipped Okawaru.
Okawaru was extremely pleased with you.
You had blades for hands.
You visited 3 branches of the dungeon, and saw 16 of its levels.
You also visited: Gauntlet.

You collected 1178 gold pieces.

Inventory:

Missiles
 h - 536 stones
 p - 170 sling bullets
 w - 2 throwing nets
 x - 49 poisoned darts (quivered)
 y - 18 boomerangs
 H - 309 arrows
 L - 33 javelins
 R - 2 curare-tipped darts
 Y - 3 boomerangs of dispersal
Armour
 l - a scarf of invisibility (worn)
 s - a +1 pair of gloves (melded)
 K - a +0 pair of boots (worn)
 O - +0 steam dragon scales (worn)
 X - a +2 hat of intelligence (worn)
Jewellery
 i - an amulet of faith (around neck)
 j - an uncursed ring of protection from fire
 o - an uncursed ring of ice
 E - an uncursed ring of resist corrosion
 P - a ring of willpower (right scythe-like blade)
 T - a ring of poison resistance (left scythe-like blade)
 Z - an uncursed ring of fire
Wands
 m - a wand of paralysis (28)
 B - a wand of digging (8)
 J - a wand of iceblast (2)
 S - a wand of disintegration (18)
 W - a wand of polymorph (10)
Scrolls
 a - a scroll of acquirement
 c - a scroll of enchant armour
 d - 9 scrolls of teleportation
 e - 11 scrolls of remove curse
 g - 2 scrolls of identify
 q - 3 scrolls of magic mapping
 u - 3 scrolls of amnesia
 F - a scroll of blinking
 G - 6 scrolls of fog
Potions
 b - a potion of magic {unknown}
 f - a potion of heal wounds
 k - 3 potions of attraction
 n - a potion of ambrosia
 t - 4 potions of lignification
 z - 5 potions of curing
 A - a potion of cancellation
 C - 3 potions of haste
 D - 3 potions of brilliance
 Q - a potion of flight
Miscellaneous
 U - a condenser vane
 V - a tin of tremorstones (2/2)


   Skills:
 + Level 11.4(16.4) Fighting
 - Level 3.0(8.0) Throwing
 - Level 7.0(12.0) Armour
 + Level 9.8(14.8) Dodging
 - Level 3.0(8.0) Stealth
 + Level 12.5(17.5) Unarmed Combat
 - Level 2.0 Spellcasting
 + Level 9.7 Transmutations
 - Level 3.0 Poison Magic
 - Level 7.0 Invocations
 - Level 3.0 Evocations


You had 5 spell levels left.
You knew the following spells:

 Your Spells              Type           Power        Failure   Level
a - Beastly Appendage     Tmut           60%          11%         1
b - Wereblood             Tmut           30%          13%         2
c - Spider Form           Tmut/Pois      10%          32%         3
d - Blade Hands           Tmut           15%          47%         5

Your spell library contained the following spells:

 Spells                   Type           Power        Failure   Level
 Passwall                 Tmut/Erth      13%          32%         2
 Magic Dart               Conj           4%           65%         1
 Sandblast                Erth           2%           65%         1
 Ice Form                 Ice/Tmut       16%          73%         4
 Petrify                  Tmut/Erth      16%          73%         4
 Blink                    Tloc           N/A          75%         2
 Call Imp                 Summ           1%           75%         2
 Corpse Rot               Necr/Air       N/A          75%         2
 Slow                     Hex            1%           75%         2
 Sublimation of Blood     Necr           0%           75%         2
 Mephitic Cloud           Conj/Pois/Air  4%           82%         3
 Confusing Touch          Hex            1%           89%         3
 Conjure Flame            Conj/Fire      1%           89%         3
 Gell's Gravitas          Tloc           0%           89%         3
 Stone Arrow              Conj/Erth      2%           89%         3
 Yara's Violent Unravell  Hex/Tmut       8%           93%         5
 Dispel Undead            Necr           1%           99%         4
 Agony                    Necr           1%           100%        5
 Excruciating Wounds      Necr           0%           100%        5
 Lee's Rapid Deconstruct  Erth           0%           100%        5
 Metabolic Englaciation   Hex/Ice        0%           100%        5


Dungeon Overview and Level Annotations

Branches:
Dungeon (11/15)            Temple (1/1) D:5            Lair (4/6) D:11
  Swamp (0/4) Lair:4       Spider (0/4) Lair:2      Gauntlet (visited)
    Orc: D:9-12

Altars:
Ashenzari
Cheibriados
Dithmenos
Elyvilon
Fedhas
Gozag
Hepliaklqana
Kikubaaqudgha
Makhleb
Nemelex Xobeh
Okawaru
Qazlal
Ru
Sif Muna
Trog
Uskayaw
Vehumet
Wu Jian
Xom
Yredelemnul
Zin
The Shining One

Shops:
D:4 (*   D:7 *   D:10 !

Portals:
Abyss: Lair:3

Annotations:
Lair:2 2 transporters, Zapai's ghost, journeyman DgAr
Lair:3 2 transporters, Qumpes's ghost, journeyman GnWn


Innate Abilities, Weirdness & Mutations

You reflexively headbutt those who attack you in melee.
You have a pair of horns on your head.


Message History

Confirm with . or Enter, or press ? or * to list all spells.
Okay, then.
You can now deal lightning-fast blows.
The death yak snorts and paws the ground.
The death yak gores you!
* * * LOW HITPOINT WARNING * * *
The death yak misses you. You furiously retaliate!
You headbutt the death yak.
Unknown command.
You slice the death yak!!
You kill the death yak!
Okawaru accepts your kill.
You slash the death yak!
The death yak is lightly wounded.
The death yak barely misses you.
You shred the death yak!!!
The death yak is almost dead.
You slash the death yak!
The death yak is almost dead.
The elephant tramples you!
You die...

....#..##...##.######..
....#....####........###
...#....................
....P...................
.....................PP
....................###
....##.............## P
....####..........## .Y .####
#.#....##@## ###..§ ..#
##....#YY### #####....≈≈ ..##
#...###YY.####...†....≈§
...#######... #Y....Y...††....♣§
......................n.........§
.................................
..##.........####................
..###.......P# ##..###P..........
..##.........###...# #PP.........


You could see 3 death yaks, an elephant and a yak.

Vanquished Creatures
  Snorg (Lair:4)
  A minotaur (Gauntlet)
  Josephine (D:11)
  Harold (D:9)
  Fannar (D:10)
  2 catoblepae (Lair:3)
  2 hydras
  2 boulder beetles
  A two-headed ogre (D:8)
  5 death yaks
  4 wizards (Gauntlet)
  2 unseen horrors
  A cyclops (D:11)
  5 elephants (Lair:4)
  A black mamba (Lair:1)
  A centaur zombie (D:11)
  Joseph (D:10)
  8 cane toads
  A centaur skeleton (D:10)
  2 komodo dragons
  A kobold demonologist (D:11)
  A polar bear (Lair:2)
  Grinder (D:3)
  2 hornets (Gauntlet)
  A meliai zombie (D:11)
  7 blink frogs
  Sigmund (D:7)
  A shadow (D:11)
  23 yaks
  6 basilisks
  6 wraiths
  4 steam dragons
  3 wyverns (D:11)
  Grum (D:9)
  Edmund (D:7)
  8 water moccasins
  An orc warrior (D:10)
  3 ice beasts
  2 phantoms
  A black bear (Lair:3)
  3 necrophages
  9 ogres
  10 wolves
  4 centaurs
  3 big kobolds
  A wyvern zombie (D:9)
  11 bullfrogs
  A scorpion (D:6)
  2 wyvern skeletons
  4 killer bees (D:11)
  11 wights
  3 electric eels
  6 howler monkeys
  A quasit (D:5)
  9 hounds
  A gnoll shaman (D:4)
  4 jellies
  5 orc priests
  4 orc wizards
  2 bullfrog skeletons
  3 iguanas
  5 hell rats (Lair:2)
  7 worker ants
  A hound zombie (D:6)
  2 worker ant zombies
  12 gnolls
  A howler monkey skeleton (D:7)
  9 adders
  4 river rats (D:5)
  2 shadow imps
  7 white imps (Gauntlet)
  2 ufetubi
  2 oozes
  An adder zombie (D:6)
  5 worms
  2 dart slugs (D:1)
  7 leopard geckos
  42 orcs
  2 ball pythons
  2 giant cockroaches
  10 goblins
  12 hobgoblins
  10 jackals
  4 quokkas
  7 bats
  8 frilled lizards
  21 kobolds
  A leopard gecko skeleton (D:5)
  A leopard gecko zombie (D:7)
  5 rats
408 creatures vanquished.

Vanquished Creatures (others)
  A wight (D:11)
  9 fungi (Lair:3)
  55 plants
65 creatures vanquished.

Grand Total: 473 creatures vanquished

Notes
Turn   | Place    | Note
-------+----------+-------------------------------------------
     0 | D:1      | sankara the Minotaur Transmuter began the quest for the
                  | Orb.
     0 | D:1      | Reached XP level 1. HP: 16/16 MP: 1/1
   259 | D:1      | Reached XP level 2. HP: 23/23 MP: 1/3
   262 | D:1      | Learned a level 2 spell: Wereblood
   390 | D:1      | Reached skill level 4 in Unarmed Combat
   696 | D:1      | Reached XP level 3. HP: 19/28 MP: 2/4
  1596 | D:2      | Found a burning altar of Makhleb.
  1994 | D:2      | Reached XP level 4. HP: 35/35 MP: 3/5
  1998 | D:2      | Learned a level 3 spell: Spider Form
  2515 | D:2      | Found an iron altar of Okawaru.
  2527 | D:2      | Became a worshipper of Warmaster Okawaru
  2894 | D:3      | Noticed Grinder
  2909 | D:3      | Killed Grinder
  2909 | D:3      | Reached * piety under Okawaru
  2910 | D:3      | Reached skill level 5 in Unarmed Combat
  2910 | D:3      | Reached skill level 1 in Poison Magic
  2910 | D:3      | Reached XP level 5. HP: 23/40 MP: 2/6
  2910 | D:3      | Reached XP level 6. HP: 27/47 MP: 2/7
  3276 | D:3      | Found a broken altar of Ashenzari.
  5007 | D:4      | Reached XP level 7. HP: 33/52 MP: 5/8
  5208 | D:4      | Found a basalt altar of Yredelemnul.
  5223 | D:4      | Reached ** piety under Okawaru
  5416 | D:4      | Found Fuhe's Elemental Accessories.
  5761 | D:4      | Found Bemiupt's Antique Weapon Shop.
  5837 | D:4      | Reached skill level 6 in Unarmed Combat
  6052 | D:4      | Reached skill level 1 in Invocations
  6551 | D:5      | Entered Level 5 of the Dungeon
  6615 | D:5      | Found a staircase to the Ecumenical Temple.
  6644 | Temple   | Entered the Ecumenical Temple
  7066 | D:5      | Reached *** piety under Okawaru
  7067 | D:5      | Reached XP level 8. HP: 25/62 MP: 3/9
  7645 | D:5      | Found a shadowy altar of Dithmenos.
  8174 | D:5      | Reached skill level 5 in Transmutations
  8637 | D:6      | Reached skill level 1 in Throwing
  8827 | D:6      | Reached skill level 7 in Unarmed Combat
  9025 | D:6      | Reached **** piety under Okawaru
  9246 | D:6      | Received a gift from Okawaru
  9285 | D:6      | Reached XP level 9. HP: 58/72 MP: 6/10
  9814 | D:7      | Found Jealema's Assorted Antiques.
 10309 | D:7      | Found an opulent altar of Gozag.
 10317 | D:7      | Paralysed by a kobold for 2 turns
 10328 | D:7      | Reached skill level 5 in Fighting
 10328 | D:7      | Reached skill level 5 in Dodging
 10709 | D:7      | Noticed Edmund
 10713 | D:7      | Noticed Sigmund
 10719 | D:7      | Killed Edmund
 10726 | D:7      | Killed Sigmund
 11047 | D:8      | Noticed a two-headed ogre
 11061 | D:8      | Killed a two-headed ogre
 11061 | D:8      | Reached ***** piety under Okawaru
 11062 | D:8      | Reached skill level 8 in Unarmed Combat
 11206 | D:8      | Received a gift from Okawaru
 11355 | D:8      | Reached skill level 5 in Invocations
 11355 | D:8      | Reached XP level 10. HP: 72/83 MP: 8/12
 11627 | D:8      | Found a shadowy altar of Dithmenos.
 12159 | D:9      | Found a glowing golden altar of the Shining One.
 12247 | D:9      | Noticed Grum
 12254 | D:9      | Noticed Harold
 12259 | D:9      | Reached skill level 1 in Stealth
 12265 | D:9      | Reached skill level 1 in Evocations
 12295 | D:9      | Killed Harold
 12305 | D:9      | HP: 3/84 [wolf[Grum] (4)]
 12321 | D:8      | Received a gift from Okawaru
 12612 | D:9      | Killed Grum
 12759 | D:9      | Noticed a boulder beetle
 12771 | D:9      | HP: 4/84 [boulder beetle (30)]
 12779 | D:9      | Killed a boulder beetle
 12779 | D:9      | Received a gift from Okawaru
 13115 | D:9      | Reached skill level 9 in Unarmed Combat
 13389 | D:10     | Entered Level 10 of the Dungeon
 13615 | D:10     | Found Ibili's Distillery.
 13896 | D:10     | Noticed Joseph
 13909 | D:10     | Killed Joseph
 13936 | D:10     | Reached XP level 11. HP: 53/92 MP: 8/13
 13961 | D:10     | Noticed Fannar
 14153 | D:10     | Identified a scroll of acquirement
 14153 | D:10     | Acquired a manual of Bows
 14828 | D:10     | Killed an unseen horror
 14828 | D:10     | Received a gift from Okawaru
 15721 | D:10     | Found a white marble altar of Elyvilon.
 15774 | D:10     | Killed Fannar
 16235 | D:10     | Reached ****** piety under Okawaru
 16235 | D:10     | Received a gift from Okawaru
 16669 | D:11     | Reached skill level 10 in Unarmed Combat
 16701 | D:11     | Found a gate leading to a gauntlet.
 16719 | D:11     | Learned a level 5 spell: Blade Hands
 16721 | Gauntlet | Entered a Gauntlet
 16721 | Gauntlet | Found a transporter.
 16721 | Gauntlet | Found a transporter.
 16724 | Gauntlet | Found a runed translucent door.
 16727 | Gauntlet | Found a transporter.
 16743 | Gauntlet | Found a transporter.
 16753 | Gauntlet | Noticed a wizard
 16754 | Gauntlet | Found a transporter.
 16757 | Gauntlet | Found a transporter.
 16759 | Gauntlet | Found a transporter.
 16760 | Gauntlet | Noticed a wizard
 16762 | Gauntlet | Found a transporter.
 16762 | Gauntlet | Found a transporter.
 16764 | Gauntlet | Noticed a ghost crab
 16765 | Gauntlet | Noticed a wizard
 16769 | Gauntlet | Noticed a wizard
 16774 | Gauntlet | Found a transporter.
 16789 | Gauntlet | Found the +2 Maxwell's thermic engine {flame, freeze}
 16790 | Gauntlet | Found a transporter.
 16798 | Gauntlet | Noticed a wolf spider
 16800 | Gauntlet | Found a transporter.
 16814 | Gauntlet | Found a transporter.
 16835 | Gauntlet | Found a transporter.
 16836 | Gauntlet | Noticed a necromancer
 17114 | Gauntlet | Killed a wizard
 17115 | Gauntlet | Reached skill level 1 in Armour
 17118 | Gauntlet | Killed a wizard
 17600 | Gauntlet | Killed a wizard
 17606 | Gauntlet | Killed a wizard
 17616 | Gauntlet | Got a smoking copper ring
 17625 | Gauntlet | Identified the cursed ring "Cemer" {*Slow rElec rF- Str+6
                  | Slay-4} (You found it in a Gauntlet)
 17725 | Gauntlet | Noticed a minotaur
 17991 | Gauntlet | Killed a minotaur
 17995 | Gauntlet | Got a glittering tin amulet
 18092 | D:11     | Noticed Josephine
 18103 | D:11     | Killed Josephine
 18117 | D:11     | Reached XP level 12. HP: 52/104 MP: 3/14
 18635 | D:11     | Noticed a boulder beetle
 18636 | D:11     | Received a gift from Okawaru
 18679 | D:11     | Reached skill level 5 in Armour
 18682 | D:11     | Killed a boulder beetle
 18683 | D:11     | Reached skill level 11 in Unarmed Combat
 18746 | D:11     | Found a stormy altar of Qazlal.
 18963 | D:11     | Received a gift from Okawaru
 19354 | D:11     | Received a gift from Okawaru
 19495 | D:11     | Found a staircase to the Lair.
 19546 | D:11     | Identified the amulet "Irion" {Inacc Dex+3} (You found it
                  | in a Gauntlet)
 19769 | Lair:1   | Entered Level 1 of the Lair of Beasts
 20880 | Lair:1   | Noticed a seven-headed hydra
 20892 | Lair:1   | Killed a seven-headed hydra
 21279 | Lair:2   | Reached skill level 10 in Fighting
 21548 | Lair:2   | Found a hole to the Spider Nest.
 21708 | Lair:2   | Found a transporter.
 21708 | Lair:2   | Noticed Zapai's ghost (journeyman DgAr)
 21713 | Lair:2   | Found a transporter.
 22198 | Lair:2   | Noticed a death yak
 22198 | Lair:2   | Noticed a death yak
 22199 | Lair:2   | Noticed a death yak
 22226 | Lair:2   | Killed a death yak
 22230 | Lair:2   | Killed a death yak
 22230 | Lair:2   | Received a gift from Okawaru
 22231 | Lair:2   | Killed a death yak
 22232 | Lair:2   | Reached XP level 13. HP: 46/114 MP: 5/17
 22918 | Lair:3   | Received a gift from Okawaru
 23469 | Lair:3   | Reached skill level 12 in Unarmed Combat
 23797 | Lair:3   | Found a transporter.
 23827 | Lair:3   | Found a one-way gate to the infinite horrors of the Abyss.
 23827 | Lair:3   | Noticed Qumpes's ghost (journeyman GnWn)
 23838 | Lair:3   | Found a transporter.
 24311 | Lair:4   | Received a gift from Okawaru
 24798 | Lair:4   | Noticed Snorg
 24810 | Lair:4   | Killed Snorg
 25157 | Lair:4   | Found a staircase to the Swamp.
 25195 | Lair:4   | Slain by an elephant

Illustrated notes

Levels and vault maps discovered:
D:1:      lemuel_arrival_hallway, layout_basic
D:2:      layout_basic, okawaru_gym_becter, overflow_temple_1_default,
          minivault_19, kennysheep_generic_room_10
D:3:      layout_basic, cheibrodos_ashenzari_chains, uniq_grinder
D:4:      layout_basic, lemuel_crystal_altar, serial_forest,
          infiniplex_forest_clump_small, infiniplex_forest_end_2,
          infiniplex_forest_lined_1, infiniplex_forest_end_double,
          infiniplex_forest_end_3, infiniplex_forest_lined_corner,
          infiniplex_forest_clump_tiny, infiniplex_forest_clump_small,
          serial_shops, kennysheep_little_box, nicolae_elemental_shop,
          minmay_misc_feat_ornament
D:5:      wad_woods_stonehenge, layout_rooms,
          minmay_temple_entry_drinking_statues, serial_rivers,
          chequers_serial_rivers_room_b, chequers_serial_rivers_micro_c,
          chequers_serial_rivers_small_3, chequers_serial_rivers_micro_c,
          chequers_serial_rivers_room_a
D:6:      layout_basic, minmay_alternating_orb
D:7:      layout_basic, overflow_temple_1_default, serial_shops,
          nicolae_shop_overgrown_old_shop, sigmund_edmund_badplayer
D:8:      layout_rooms, nicolae_dithmenos_shadow_blocks
D:9:      layout_cave_pools, marbit_many_paths, feat_on_display, uniq_harold,
          uniq_grum
D:10:     layout_loops_ring, serial_shops, nicolae_shop_behind_doors,
          kennysheep_pointless_box, minivault_4, elyvilon_altar_3, uniq_fannar,
          uniq_joseph
D:11:     layout_rooms, erik_lair_dragon, gauntlet_entry_generic,
          nicolae_qazlal_general_emergency, uniq_josephine
Temple:   bh_familiar_temple
Lair:1:   layout_gridlike
Lair:2:   layout_gridlike, dummy_spider_entry, gammafunk_ghost_hive,
          grunt_megastairs_4, infiniplex_staircase_pool
Lair:3:   layout_chaotic_city, gammafunk_ghost_abyssal_escape,
          chequers_serial_rivers_micro_b
Lair:4:   layout_gridlike, skrybe_swamp_entry_bodies,
          maelrawn_ghost_gauntlet_escape, beast_lair_carwin_8, uniq_snorg

Skill      XL: |  1  2  3  4  5  6  7  8  9 10 11 12 13 |
---------------+----------------------------------------+-----
Unarmed Combat | 4 5 6 7 8 9 10 11 12 | 12.5
Transmutations | 2 3 4 5 6 8 9 |  9.7
Poison Magic   | 1 2 3 |  3.0
Invocations    | 1 3 5 6 7 |  7.0
Fighting       | 2 4 6 7 9 10 11 | 11.4
Dodging        | 3 4 6 7 9 |  9.8
Throwing       | 1 3 |  3.0
Stealth        | 3 |  3.0
Evocations     | 3 |  3.0
Armour         | 4 7 |  7.0
Spellcasting   | 2 |  2.0

Action                   |  1- 3 |  4- 6 |  7- 9 | 10-12 | 13-15 || total
-------------------------+-------+-------+-------+-------+-------++-------
Melee: Unarmed           |    93 |   109 |   323 |   585 |   130 ||  1240
       Kick              |     8 |     8 |       |     1 |       ||    17
       Headbutt          |     6 |     4 |       |    19 |    19 ||    48
       Punch             |       |       |       |     6 |     5 ||    11
Throw: Dart              |       |       |    11 |    25 |     3 ||    39
 Cast: Beastly Appendage |    23 |     6 |       |     1 |       ||    30
       Spider Form       |       |    18 |    58 |    43 |     1 ||   120
       Blade Hands       |       |       |       |    18 |    20 ||    38
       Wereblood         |       |       |       |       |     1 ||     1
Invok: Heroism           |       |       |     6 |    16 |     6 ||    28
       Finesse           |       |       |       |     8 |     3 ||    11
 Abil: End Transformatio |       |       |     1 |       |       ||     1
Evoke: Wand              |       |       |       |     2 |       ||     2
  Use: Scroll            |       |       |    16 |    12 |       ||    28
       Potion            |       |       |       |     5 |     1 ||     6
 Stab: Invisible         |       |       |       |     1 |       ||     1
       Sleeping          |       |       |       |       |     1 ||     1
Armor: Robe              |    14 |     2 |     1 |     2 |       ||    19
       Skin              |       |     5 |    14 |    12 |       ||    31
       Steam dragon scal |       |       |       |    25 |    25 ||    50
Dodge: Dodged            |    54 |    81 |   289 |   557 |   105 ||  1086
